 Dungeon Crawl Stone Soup version 0.24-a0-201-gf205589 (console) character file.

Game seed: 8515408645023181435

100 Voker57 the Slasher (level 4, -4/34 HPs)
             Began as a Demonspawn Gladiator on Mar 22, 2019.
             Slain by a gnoll
             ... wielding a +0 flail
              (7 damage)
             ... on level 2 of the Dungeon.
             The game lasted 00:02:35 (1773 turns).

Voker57 the Slasher (Demonspawn Gladiator)          Turns: 1773, Time: 00:02:36

Health: -4/34      AC:  8    Str: 14 (15) XL:     4   Next: 47%
Magic:  4/4        EV: 18    Int: 11 (14) God:
Gold:   44         SH:  0    Dex: 17 (20) Spells: 3/3 levels left

rFire    . . .     SeeInvis .   a - +0 long sword
rCold    . . .     Gourm    .   (no shield)
rNeg     . . .     Faith    .   b - +0 leather armour
rPois    .         Spirit   .   c - +0 helmet
rElec    .         Reflect  .   (no cloak)
rCorr    .         Harm     .   j - +1 pair of gloves
MR       .....                  (no boots)
Stlth    ++........             (no amulet)
HPRegen  0.11/turn              (no ring)
MPRegen  0.09/turn              (no ring)

@: brilliant, agile
A: hooves 1, iridescent scales 1, powered by pain 1
a: no special abilities


You were on level 2 of the Dungeon.
You were hungry.

You visited 1 branch of the dungeon, and saw 2 of its levels.

You collected 44 gold pieces.

Inventory:

Hand Weapons
 a - a +0 long sword (weapon)
Armour
 b - a +0 leather armour (worn)
 c - a +0 helmet (worn)
 j - a +1 pair of gloves (worn)
Jewellery
 g - an uncursed ring of resist corrosion {unknown}
Scrolls
 i - a scroll of enchant armour {unknown}
Comestibles
 f - 8 rations


   Skills:
 + Level 2.9 Fighting
 * Level 3.9 Long Blades
 - Level 1.7 Throwing
 + Level 3.3 Dodging


You had 3 spell levels left.
You didn't know any spells.
Your spell library was empty.

Dungeon Overview and Level Annotations

Branches:
Dungeon (2/15)

Altars:
Uskayaw


Innate Abilities, Weirdness & Mutations

You have large cloven feet.
You are partially covered in iridescent scales. (AC +2)
You sometimes gain a little power by taking damage.


Message History

You feel clever all of a sudden.
It was a potion of degeneration.
There was something very wrong with that liquid.
You feel weakened.
You feel dopey.
You feel clumsy. The gnoll hits you with a +0 flail!
* * * LOW HITPOINT WARNING * * *
You focus on the pain.
You feel agile all of a sudden.
Your leather armour prevents you from hitting the gnoll.
You kick the gnoll.
The gnoll is lightly wounded.
The gnoll completely misses you.
You riposte.
You hit the gnoll but do no damage. You kick the gnoll.
The gnoll is heavily wounded.
You closely miss the gnoll. Your kick misses the gnoll.
The gnoll is heavily wounded.
The gnoll misses you.
You closely miss the gnoll.
The gnoll is heavily wounded.
The gnoll hits you with a +0 flail!
You die...

### #.. #.# #.# #.# #.#
#.# #@# #g# #########s# ##
#.....s..(############ ##.
#.#####..((.....†....###.#
#.# #.#######.(###....##
#s# #.# #..# #####.# #.#
#.# #..# ##. #.# #.# #..#
####. ##.## #.# ###..#
#.... #...####.# #....#
#.###


You could see a gnoll and a giant cockroach.

Vanquished Creatures
  A gnoll shaman (D:2)
  2 gnolls (D:2)
  An adder (D:2)
  A worm (D:2)
  4 leopard geckos
  2 bats (D:1)
  4 giant cockroaches (D:1)
  5 goblins (D:1)
  2 hobgoblins (D:1)
  4 jackals (D:1)
  A quokka (D:2)
  7 kobolds
  4 rats
38 creatures vanquished.

Notes
Turn   | Place    | Note
-------+----------+-------------------------------------------
     0 | D:1      | Voker57 the Demonspawn Gladiator began the quest for the
                  | Orb.
     0 | D:1      | Reached XP level 1. HP: 16/16 MP: 1/1
   276 | D:1      | Gained mutation: You are partially covered in iridescent
                  | scales. (AC +2) [demonic ancestry]
   276 | D:1      | Reached XP level 2. HP: 2/22 MP: 2/2
   903 | D:1      | Gained mutation: You sometimes gain a little power by
                  | taking damage. [demonic ancestry]
   903 | D:1      | Reached XP level 3. HP: 24/28 MP: 3/3
  1605 | D:2      | Found a hide-covered altar of Uskayaw.
  1719 | D:2      | Gained mutation: You have large cloven feet. [demonic
                  | ancestry]
  1719 | D:2      | Reached XP level 4. HP: 24/34 MP: 4/4
  1773 | D:2      | Slain by a gnoll

Levels and vault maps discovered:
D:1:      saegor_arrival_simple_d, layout_basic, serial_forest,
          infiniplex_forest_clump_small, infiniplex_forest_straight_1,
          infiniplex_forest_lined_room_2, infiniplex_forest_end_1,
          infiniplex_forest_corner_1, infiniplex_forest_clump_large,
          infiniplex_forest_zigzag_1, minmay_tetromino_i2
D:2:      layout_loops_ring, lemuel_coloured_pillars_altar

Skill      XL: |  1  2 |
---------------+-------+-----
Long Blades    | 3 |  3.9
Dodging        | 3 |  3.3
Fighting       | |  2.9
Throwing       | |  1.7

Action                   |  1- 3 |  4- 6 || total
-------------------------+-------+-------++-------
Melee: Long sword        |    96 |     8 ||   104
       Kick              |       |     6 ||     6
Throw: Throwing net      |     5 |     1 ||     6
  Use: Scroll            |     1 |       ||     1
       Potion            |       |     2 ||     2
  Eat: Chunk             |     2 |       ||     2
Armor: Leather armour    |    25 |       ||    25
Dodge: Dodged            |    72 |     5 ||    77
       Rpst.: Long sword |    15 |     4 ||    19

Table legend:
 A = Non-vault XP
 B = Vault XP
 C = Vault XP percentage of total XP
 D = Non-vault monster count
 E = Vault monster count
 F = Vault count percentage of total count
                 A         B        C        D         E       F
            +---------+---------+-------+---------+---------+-------
      Total |     141 |       3 |   2.1 |      36 |       2 |   5.3
            +---------+---------+-------+---------+---------+-------
        D:1 |      44 |       3 |   6.4 |      25 |       2 |   7.4
        D:2 |      97 |       0 |   0.0 |      11 |       0 |   0.0
            +---------+---------+-------+---------+---------+-------
